 Dungeon Crawl Stone Soup version 0.23.1-37-gaa34b87b72 (webtiles) character file.

Game seed: 8652025100691381090

294 Norn the Slinger (level 6, -2/42 HPs)
             Began as a Halfling Hunter on Mar 24, 2019.
             Slain by an orc warrior
             ... wielding a +0 glaive
              (14 damage)
             ... on level 3 of the Dungeon.
             The game lasted 00:06:14 (1993 turns).

Norn the Slinger (Halfling Hunter)                  Turns: 1993, Time: 00:06:15

Health: -2/42      AC:  3    Str: 13    XL:     6   Next: 60%
Magic:  6/6        EV: 16    Int: 11    God:
Gold:   98         SH:  0    Dex: 15    Spells: 5/5 levels left

rFire    . . .     SeeInvis .   a - +1 hunting sling
rCold    . . .     Gourm    .   (shield restricted)
rNeg     . . .     Faith    .   c - +0 leather armour
rPois    .         Spirit   .   (no helmet)
rElec    .         Reflect  .   (no cloak)
rCorr    .         Harm     .   (no gloves)
MR       .....                  (no boots)
Stlth    ++........             (no amulet)
HPRegen  0.14/turn              (no ring)
MPRegen  0.10/turn              (no ring)

@: no status effects
A: small, mutation resistance 1
a: no special abilities


You were on level 3 of the Dungeon.
You were not hungry.

You visited 1 branch of the dungeon, and saw 3 of its levels.

You collected 98 gold pieces.

Inventory:

Hand Weapons
 a - a +1 hunting sling (weapon)
 b - a +0 short sword
Missiles
 d - 8 sling bullets (quivered)
 g - 60 stones
 m - 15 poisoned needles
Armour
 c - a +0 leather armour (worn)
 n - a +2 buckler
   (You found it on level 2 of the Dungeon)
Scrolls
 k - 2 scrolls of fog
 l - a scroll of teleportation {unknown}
 q - a scroll of magic mapping {unknown}
 r - a scroll of remove curse {unknown}
Potions
 f - a potion of mutation {unknown}
 h - 2 potions of invisibility {unknown}
 i - 3 potions of curing {unknown}
 j - a potion of lignification {unknown}
 o - a potion of agility
 p - a potion of might {unknown}
 s - a potion of degeneration {unknown}
 t - a potion of berserk rage {unknown}
Comestibles
 e - 6 rations {!d}


   Skills:
 + Level 3.2 Fighting
 * Level 8.6 Slings
 + Level 4.0 Dodging
 - Level 1.1 Stealth


You had 5 spell levels left.
You didn't know any spells.
Your spell library was empty.

Dungeon Overview and Level Annotations

Branches:
Dungeon (3/15)

Altars:
Kikubaaqudgha
Makhleb
Vehumet


Innate Abilities, Weirdness & Mutations

You are small and have problems with some larger weapons.
You are somewhat resistant to further mutation.


Message History

Firing (i - inventory. (/) - cycle)
d - 16 sling bullets (quivered)
Aim: an orc warrior, wielding a +0 glaive and wearing a +0 plate armour (lightly wounded)
You shoot a sling bullet. The sling bullet hits the orc warrior.
The orc wizard mumbles some strange words.
The orc wizard blinks!
Firing (i - inventory. (/) - cycle)
d - 15 sling bullets (quivered)
Aim: an orc warrior, wielding a +0 glaive and wearing a +0 plate armour (moderately wounded)
You shoot a sling bullet. The sling bullet hits the orc wizard!
Firing (i - inventory. (/) - cycle)
d - 14 sling bullets (quivered)
Aim: an orc warrior, wielding a +0 glaive and wearing a +0 plate armour (moderately wounded)
You shoot a sling bullet.
The sling bullet barely misses the orc wizard.
The sling bullet hits the orc warrior.
The orc wizard points at you and mumbles some strange words.
The magic dart hits you.
Firing (i - inventory. (/) - cycle)
d - 13 sling bullets (quivered)
Aim: an orc warrior, wielding a +0 glaive and wearing a +0 plate armour (moderately wounded)
You shoot a sling bullet. The sling bullet hits the orc wizard!
You kill the orc wizard!
Your Dodging skill increases to level 4!
The orc wizard casts a spell.
The orc wizard blinks!
Firing (i - inventory. (/) - cycle)
d - 12 sling bullets (quivered)
Aim: an orc warrior, wielding a +0 glaive and wearing a +0 plate armour (moderately wounded)
You shoot a sling bullet. The sling bullet hits the orc warrior.
Firing (i - inventory. (/) - cycle)
d - 11 sling bullets (quivered)
Aim: an orc warrior, wielding a +0 glaive and wearing a +0 plate armour (heavily wounded)
You shoot a sling bullet.
The sling bullet closely misses the orc warrior.
The orc warrior hits you from afar with a +0 glaive!
The orc wizard hits you with a +1 dagger of speed.
Firing (i - inventory. (/) - cycle)
d - 10 sling bullets (quivered)
Aim: an orc warrior, wielding a +0 glaive and wearing a +0 plate armour (heavily wounded)
You shoot a sling bullet.
The sling bullet hits the orc warrior but does no damage.
The orc wizard points at you and mumbles some strange words.
The magic dart hits you.
* * * LOW HITPOINT WARNING * * *
The orc warrior hits you from afar with a +0 glaive!
* * * LOW HITPOINT WARNING * * *
As you read the scroll labeled SAHIOMISU UGHI, it crumbles to dust.
The scroll dissolves into smoke.
It was a scroll of fog.
The orc wizard mumbles some strange words.
The orc wizard seems to speed up.
Firing (i - inventory. (/) - cycle)
d - 9 sling bullets (quivered)
Aim: an orc warrior, wielding a +0 glaive and wearing a +0 plate armour (blue smoke, heavily wounded)
You shoot a sling bullet. The sling bullet hits the orc warrior.
The orc wizard barely misses you.
The orc warrior hits you from afar with a +0 glaive!
You die...

(.. #(# #(# #(#
### #(# #.. #o#
. #.#########
#§#
#.##.#.......#
#@#
#............#
#o#
#.##.#.......#
#§#
#.#.......###.#
#.#####.......#
#.##.#
#..######
#.##.# #......#
..##.#
###.####.######
#.##.#
#.............#


You could see an orc warrior and an orc wizard.

Vanquished Creatures
  Sigmund (D:3)
  An orc wizard (D:3)
  Natasha (D:3)
  An ooze (D:1)
  3 worms
  A dart slug (D:1)
  3 leopard geckos
  An orc (D:3)
  2 ball pythons
  7 bats
  A bat zombie (D:2)
  4 giant cockroaches
  7 goblins
  6 hobgoblins
  6 kobolds
  7 rats
  A rat zombie (D:2)
53 creatures vanquished.

Notes
Turn   | Place    | Note
-------+----------+-------------------------------------------
     0 | D:1      | Norn the Halfling Hunter began the quest for the Orb.
     0 | D:1      | Reached XP level 1. HP: 14/14 MP: 1/1
    69 | D:1      | Reached skill level 6 in Slings
    73 | D:1      | Reached XP level 2. HP: 17/19 MP: 2/2
   589 | D:1      | Reached XP level 3. HP: 24/24 MP: 3/3
   807 | D:2      | Found a burning altar of Makhleb.
   807 | D:2      | Found a radiant altar of Vehumet.
  1147 | D:2      | Found an ancient bone altar of Kikubaaqudgha.
  1207 | D:2      | Reached XP level 4. HP: 30/30 MP: 4/4
  1424 | D:3      | Reached skill level 7 in Slings
  1647 | D:3      | Noticed Sigmund
  1648 | D:3      | Noticed Natasha
  1656 | D:3      | Killed Sigmund
  1656 | D:3      | Reached skill level 8 in Slings
  1656 | D:3      | Reached XP level 5. HP: 29/36 MP: 5/5
  1656 | D:3      | Reached XP level 6. HP: 34/42 MP: 6/6
  1689 | D:3      | Killed Natasha
  1980 | D:3      | Noticed an orc warrior
  1993 | D:3      | Slain by an orc warrior

Skill      XL: |  1  2  3  4  5  6 |
---------------+-------------------+-----
Slings         | 6 8 |  8.6
Fighting       | 2 3 |  3.2
Dodging        | 3 4 |  4.0
Stealth        | |  1.1

Action                   |  1- 3 |  4- 6 || total
-------------------------+-------+-------++-------
 Fire: Hunting sling     |   102 |    76 ||   178
  Use: Scroll            |       |     1 ||     1
  Eat: Chunk             |       |     3 ||     3
Armor: Leather armour    |     4 |     2 ||     6
Dodge: Dodged            |    31 |    13 ||    44
